 Dungeon Crawl Stone Soup version 0.31-a0-868-g674d60d6f7 (webtiles) character file.

Game seed: 16699099543447730893

119 IdlyInterested the Insei (level 4, 0/33 HPs)
             Began as a Demonspawn Wanderer on Oct 11, 2023.
             Succumbed to an orc's poison
             ... on level 3 of the Dungeon.
             The game lasted 00:08:17 (1985 turns).

IdlyInterested the Insei (Demonspawn Wanderer)      Turns: 1985, Time: 00:08:17

Health: 0/33       AC:  4    Str: 13    XL:     4   Next: 73%
Magic:  5/5        EV: 11    Int: 12    God:
Gold:   43         SH:  0    Dex: 15    Spells: 4/5 levels left

rFire   . .          .
                       - Unarmed
rCold   . . .        (no shield)
rNeg    . . .        e - +0 leather armour
rPois   .            (no helmet)
rElec   .            (no cloak)
rCorr   .            (no gloves)
SInv    .            c - +0 pair of boots
Will    .....        (no amulet)
Stlth   ++           (no ring)
HPRegen 0.25/turn    (no ring)
MPRegen 0.09/turn

%: no passive effects
@: lethally poisoned (0 -> -7), invisible
A: claws 1, spiny 1
a: no special abilities


You were on level 3 of the Dungeon.
You visited 1 branch of the dungeon, and saw 3 of its levels.

You collected 43 gold pieces.

Inventory:

Hand Weapons
 i - a +0 dagger
 m - a +0 whip
 p - a +0 spear
Missiles
 g - 5 atropa-tipped darts
 j - 18 stones (quivered)
 n - 5 javelins
Armour
 c - a +0 pair of boots (worn)
 e - a +0 leather armour (worn)
 o - a +0 robe
Scrolls
 b - a scroll of fear
 h - a scroll of enchant armour
 k - a scroll of blinking
 r - a scroll of fog {unknown}
 t - a scroll of amnesia {unknown}
 u - a scroll of vulnerability {unknown}
Potions
 a - a potion of brilliance {unknown}
 f - 4 potions of might
 l - a potion of degeneration {unknown}
 s - a potion of cancellation {unknown}


   Skills:
 - Level 2.0 Fighting
 - Level 1.0 Throwing
 - Level 1.0 Armour
 - Level 1.0 Dodging
 - Level 1.7 Stealth
 * Level 4.0 Unarmed Combat
 - Level 1.0 Spellcasting
 - Level 1.0 Translocations
 - Level 1.0 Evocations
 * Level 1.1 Shapeshifting


You had 4 spell levels left.
You knew the following spells:

 Your Spells              Type           Power      Damage    Failure   Level
a - Apportation           Tloc           6%         N/A       26%         1

Your spell library contained the following spells:

 Spells                   Type           Power      Damage    Failure   Level
 Gell's Gravitas          Tloc           3%         N/A       58%         3
 Teleport Other           Tloc           3%         N/A       58%         3
 Dispersal                Tloc           1%         N/A       100%        6


Dungeon Overview and Level Annotations

Branches:
Dungeon (3/15)

Altars:


Innate Abilities, Weirdness & Mutations

You have sharp fingernails.
You are partially covered in sharp spines.


Message History

The orc closely misses you.
You barely miss the orc wizard.
The orc wizard is lightly wounded.
The orc attacks as it pursues you! The orc is struck by your spines.
The orc closely misses you.
There is a stone staircase leading up here.
You barely miss the orc.
The orc is almost dead.
The orc misses you.
You completely miss the orc wizard.
The orc wizard is lightly wounded.
The orc hits you from afar with a +0 trident.
You scratch the orc wizard.
The orc wizard is heavily wounded.
The orc wizard hits you but does no damage.
The orc hits you from afar with a +0 trident.
You barely miss the orc wizard.
The orc wizard is heavily wounded.
The orc wizard is struck by your spines.
The orc wizard hits you but does no damage.
The orc hits you from afar with a +0 trident.
* * * LOW HITPOINT WARNING * * *
You barely miss the orc wizard.
The orc wizard is severely wounded.
The orc wizard hits you but does no damage.
The orc barely misses you.
You scratch the orc wizard.
You kill the orc wizard!
The orc hits you from afar with a +0 trident.
* * * LOW HITPOINT WARNING * * *
Your Unarmed Combat skill increases to level 4!
Your Shapeshifting skill increases to level 1!
You fade into invisibility!
The orc is struck by your spines.
The orc hits you with a +1 hand axe of venom.
* * * LOW HITPOINT WARNING * * *
You are lethally poisoned!
The orc closely misses you.
Found a pair of gloves, a book of Touch and a robe.
You die...

#. ....# #.
#....#
#.##.....#
##........#
+..oJ..$..#
#ooo.....#
#o# #<# #@#
........#
........#
#####...#
#:[)#...#
#[??#...#
#?$$#...#
#####...#


You could see 5 orcs and an endoplasm.

Vanquished Creatures
  Jessica (D:2)
  An orc wizard (D:3)
  An adder (D:2)
  A worm (D:2)
  5 ball pythons
  5 endoplasms
  3 giant cockroaches
  5 goblins
  10 hobgoblins
  2 jackals (D:1)
  5 bats
  4 frilled lizards (D:2)
  6 kobolds
  3 rats (D:1)
52 creatures vanquished.

Notes
Turn   | Place    | Note
-------+----------+-------------------------------------------
     0 | D:1      | IdlyInterested the Demonspawn Wanderer began the quest for
                  | the Orb.
     0 | D:1      | IdlyInterested set off with the following items: a +0 club,
                  | a scroll of fear, a +0 pair of boots, a potion of
                  | invisibility, a +0 leather armour, a potion of might; and
                  | the following spell memorised: Apportation; and the
                  | following spells available to memorise: Gell's Gravitas.
     0 | D:1      | Reached XP level 1. HP: 15/15 MP: 2/2
   148 | D:1      | Reached skill level 1 in Dodging
   203 | D:1      | Gained mutation: You have sharp fingernails. [demonic
                  | ancestry]
   203 | D:1      | Reached XP level 2. HP: 21/21 MP: 3/3
   623 | D:1      | Reached skill level 3 in Unarmed Combat
   744 | D:1      | Reached XP level 3. HP: 27/27 MP: 4/4
  1213 | D:2      | Noticed Jessica
  1219 | D:2      | Killed Jessica
  1220 | D:2      | Reached skill level 1 in Throwing
  1405 | D:2      | Gained mutation: You are partially covered in sharp spines.
                  | [demonic ancestry]
  1405 | D:2      | Reached XP level 4. HP: 33/33 MP: 5/5
  1984 | D:3      | Reached skill level 4 in Unarmed Combat
  1984 | D:3      | Reached skill level 1 in Shapeshifting
  1985 | D:3      | Succumbed to an orc's poison

Illustrated notes

Levels and vault maps discovered:
D:1:      lemuel_arrival_behind_the_door_small, layout_basic, minivault_5,
          grunt_decor_fettered, nicolae_the_louvre
D:2:      layout_rooms, lemuel_flame_loot_1, uniq_jessica
D:3:      layout_loops_corners, elyvilon_altar_1, serial_park_tiny_2,
          st_stairs_6, due_unseen_surprise

Skill      XL: |  1  2  3  4 |
---------------+-------------+-----
Dodging        | 1 |  1.0
Unarmed Combat | 3 4 |  4.0
Fighting       | 2 |  2.0
Throwing       | 1 |  1.0
Shapeshifting  | 1 |  1.1
Armour         | |  1.0
Stealth        | |  1.7
Spellcasting   | |  1.0
Translocations | |  1.0
Evocations     | |  1.0

Action                     |  1- 3 |  4- 6 || total
---------------------------+-------+-------++-------
  Melee: Club              |    35 |       ||    35
         Unarmed           |    95 |    35 ||   130
         Punch             |     2 |       ||     2
  Throw: Stone             |     4 |     1 ||     5
   Cast: Apportation       |     9 |     1 ||    10
    Use: Scroll            |     1 |     2 ||     3
         Potion            |       |     1 ||     1
   Stab: Sleeping          |     3 |     1 ||     4
 Armour: Leather armour    |    70 |    21 ||    91
  Dodge: Dodged            |    70 |    17 ||    87

Table legend: (Time is in decaauts)
 A = Elapsed time spent in this place.
 B = Non-inter-level travel time spent in this place.
 C = Inter-level travel time spent in this place.
 D = Time resting spent in this place.
 E = Time spent auto-exploring this place.
 F = Levels seen in this place.
 G = Mean time per level.
                   A        B        C        D        E       F      G
               +--------+--------+--------+--------+--------+-----+--------+
         Total |   1987 |   1796 |    191 |    238 |   1034 |   3 |  662.3 |
       Dungeon |   1987 |   1796 |    191 |    238 |   1034 |   3 |  662.3 |
               +--------+--------+--------+--------+--------+-----+--------+

Top non-repeatable levels by time:
     D:1: 1149 daAuts
     D:2: 826 daAuts
     D:3: 12 daAuts
